 Dungeon Sprint DCSS version 0.31-a0-986-g5e6e4ef867 (webtiles) character file.

Game seed: 13270327349794067109

278 rocky1 the Grappler (level 10, 0/83 HPs)
             Began as a Gnoll Shapeshifter on Nov 24, 2023.
             Was a Priest of Qazlal.
             Slain by a seven-headed hydra (11 damage)
             ... in the Dungeon (Sprint VI: "Thunderdome").
             The game lasted 00:04:20 (645 turns).

rocky1 the Grappler (Gnoll Shapeshifter)             Turns: 645, Time: 00:04:21

Health: 0/83       AC:  2    Str: 18    XL:     10   Next: 21%
Magic:  9/22       EV: 17    Int:  9    God:    Qazlal [***...]
Gold:   375        SH:  9    Dex: 15    Spells: 26/26 levels left

rFire   . . .        l - +2 flail
rCold   . . .        (no shield)
rNeg    . . .        a - +0 animal skin
rPois   .            (helmet currently unavailable)
rElec   .            (cloak currently unavailable)
rCorr   .            (gloves currently unavailable)
SInv    +            (boots currently unavailable)
Will    .....        s - amulet "Voyth" {Reflect Dex+3 SH+5 SInv}
Stlth   +++          (no ring)
HPRegen 0.33/turn    (no ring)
MPRegen 0.18/turn

%: no teleportation, reflection
@: beast-form
A: beast (slay +4), fangs 1, strong nose, distributed training
a: Begin Untransformation, Renounce Religion, Upheaval, Elemental Force


You were in the Dungeon.
You worshipped Qazlal.
Qazlal was most pleased with you.
You were a hulking beast.
You visited 1 branch You collected 600 gold pieces.
You spent 225 gold pieces at shops.

Inventory:

Hand Weapons
 l - a +2 flail (weapon)
Armour
 a - a +0 animal skin (worn)
Jewellery
 o - the amulet of the Middle {Spirit Harm Regen+ Str+3}
   (You bought it in a shop in the Dungeon)

   [amulet of guardian spirit]

   Spirit:    It causes incoming damage to be divided between your reserves of
   health and magic.
   Str+3:     It affects your strength (+3).
   Regen+:    It increases your rate of health regeneration.
   Harm:      It increases damage dealt and taken.
 p - the ring of Leqajuz {Dex+3 SInv}
   (You bought it in a shop in the Dungeon)

   [ring of see invisible]

   Dex+3:     It affects your dexterity (+3).
   SInv:      It lets you see invisible.
 q - the ring of Yesterday {Fly rN+++ Str-5 Int-4 Dex+3}
   (You bought it in a shop in the Dungeon)

   [ring of flight]

   Str-5:     It affects your strength (-5).
   Int-4:     It affects your intelligence (-4).
   Dex+3:     It affects your dexterity (+3).
   rN+++:     It renders you almost immune to negative energy.
   Fly:       It grants you flight.
 r - the amulet of Knowledge {Reflect Harm rElec Int+2 Dex-2 SH+5}
   (You bought it in a shop in the Dungeon)

   [amulet of reflection]

   Reflect:   It reflects blocked missile attacks.
   Int+2:     It affects your intelligence (+2).
   Dex-2:     It affects your dexterity (-2).
   rElec:     It insulates you from electricity.
   SH+5:      It affects your SH (+5).
   Harm:      It increases damage dealt and taken.
 s - the amulet "Voyth" (around neck) {Reflect Dex+3 SH+5 SInv}
   (You bought it in a shop in the Dungeon)

   [amulet of reflection]

   Reflect:   It reflects blocked missile attacks.
   Dex+3:     It affects your dexterity (+3).
   SInv:      It lets you see invisible.
   SH+5:      It affects your SH (+5).
Talismans
 c - a beast talisman
 d - a flux talisman
Wands
 m - a wand of roots (3) (quivered)
Scrolls
 j - 4 scrolls of blinking
 n - 3 scrolls of fog
Potions
 b - a potion of lignification
 e - a potion of curing
 f - 2 potions of heal wounds
 g - 4 potions of haste
 h - 2 potions of magic
 i - a potion of berserk rage
 k - 2 potions of resistance


   Skills:
 + Level 9.2 Fighting
 + Level 8.8 Short Blades
 + Level 8.8 Long Blades
 + Level 8.8 Axes
 + Level 8.8 Maces & Flails
 + Level 8.8 Polearms
 + Level 8.8 Staves
 + Level 8.8 Ranged Weapons
 + Level 8.8 Throwing
 + Level 8.8 Armour
 + Level 10.0 Dodging
 + Level 8.8 Stealth
 + Level 8.8 Shields
 + Level 11.0 Unarmed Combat
 + Level 8.8 Spellcasting
 + Level 7.3 Conjurations
 + Level 7.3 Hexes
 + Level 7.3 Summonings
 + Level 7.3 Necromancy
 + Level 7.3 Translocations
 + Level 7.3 Transmutations
 + Level 7.3 Fire Magic
 + Level 7.3 Ice Magic
 + Level 7.3 Air Magic
 + Level 7.3 Earth Magic
 + Level 7.3 Poison Magic
 + Level 9.6 Invocations
 + Level 8.8 Evocations
 + Level 10.4 Shapeshifting


You had 26 spell levels left.
You didn't know any spells.
Your spell library was empty.

Dungeon Overview and Level Annotations

Branches:
Dungeon (1/1)

Altars:
Cheibriados
Dithmenos
Fedhas
Gozag
Kikubaaqudgha
Makhleb
Okawaru
Qazlal
Ru
Sif Muna
Trog
Uskayaw
Vehumet
Wu Jian
Xom
Yredelemnul
Zin
The Shining One
Lugonu

Shops:
D *[=??*?*:[((!!!!


Innate Abilities, Weirdness & Mutations

You are a hulking beast.
Your limbs bulge with bestial killing power. (Slay +4)
You have very sharp teeth.
Your uncanny sense of smell can sniff out nearby items.
Your experience applies equally to all skills.


Message History

Press: ? - help, Dir - move target, f - seven-headed hydra
Aim: a seven-headed hydra (wandering, hasn't noticed you)
A blizzard blasts the area with ice!
The blast of ice hits the seven-headed hydra!
The seven-headed hydra is moderately wounded.
The seven-headed hydra roars!
The seven-headed hydra is flash-frozen.
The storm surrounding you is now too weak to repel missiles.
You will no longer adapt resistances upon receiving elemental damage.
Aiming: Upheaval
Press: ? - help, Dir - move target, f/p - seven-headed hydra
Aim: a seven-headed hydra (moderately wounded, encased in ice)
A blizzard blasts the area with ice!
The blast of ice hits the seven-headed hydra!
The seven-headed hydra is heavily wounded.
Unknown command.
Aiming: Upheaval
Press: ? - help, Dir - move target, f/p - seven-headed hydra
Aim: a seven-headed hydra (heavily wounded, encased in ice)
A blizzard blasts the area with ice!
The blast of ice hits the seven-headed hydra!
The seven-headed hydra is severely wounded.
Unknown command.
Aiming: Upheaval
Press: ? - help, Dir - move target, f/p - seven-headed hydra
Aim: a seven-headed hydra (severely wounded, encased in ice)
A blizzard blasts the area with ice!
The blast of ice hits the seven-headed hydra!!
The seven-headed hydra is almost dead.
The seven-headed hydra is no longer encased in ice.
Unknown command.
You barely miss the seven-headed hydra.
You bite the seven-headed hydra, but do no damage.
The seven-headed hydra is almost dead.
The seven-headed hydra bites you! x3
The seven-headed hydra barely misses you.
The seven-headed hydra bites you!
* * * LOW HITPOINT WARNING * * *
The seven-headed hydra bites you!
You die...

#_......._# #........_#
#_......._# ###..)......###
#⌠...........⌠#
######.8......)..8.######
##∩.__)....[###......___∩##
#∩...)....8.# #.8........∩###
............###.hD..........##
.........###...###..........⌠#
.........# #.<.# #[.........⌠#
.........###...###..........⌠#
.......÷....###.............##
#∩........8.# #.8[.......∩###
##∩___......###......_._∩##
######.8....÷....8.######
#⌠.....[.....⌠#


You could see a seven-headed hydra.

Vanquished Creatures
  2 ogre magi (D)
  3 two-headed ogres (D)
  A water moccasin (D)
  An ogre (D)
  2 phantoms (D)
  5 necrophages (D)
  3 scorpions (D)
  3 wights (D)
  A killer bee (D)
  An adder zombie (D)
  A bat zombie (D)
23 creatures vanquished.

Notes
Turn   | Place    | Note
-------+----------+-------------------------------------------
     0 | D        | rocky1 the Gnoll Shapeshifter began the quest for the Orb.
     0 | D        | Reached XP level 1. HP: 17/17 MP: 1/1
     3 | D        | Found an iron altar of Okawaru.
     3 | D        | Found a shimmering altar of Xom.
     4 | D        | Found a glowing golden altar of the Shining One.
     5 | D        | Found a basalt altar of Yredelemnul.
     5 | D        | Found an ornate altar of the Wu Jian Council.
     5 | D        | Round 1.
     6 | D        | Found Pashit's Do-It-Yourself Clinic.
     6 | D        | Found a shimmering blue altar of Sif Muna.
     6 | D        | Found a stormy altar of Qazlal.
     6 | D        | Found Minevaoc's Distillery.
     7 | D        | Found a shadowy altar of Dithmenos.
     8 | D        | Found a glowing silver altar of Zin.
     8 | D        | Found a snail-covered altar of Cheibriados.
     8 | D        | Found Oclarinu's Weapon Rack.
     8 | D        | Found Dyboos's Premium Goods.
     9 | D        | Found Joduleqe's Basic Armour.
     9 | D        | Found Etexoan's Miscellaneous Merchandise.
    12 | D        | Found a radiant altar of Vehumet.
    13 | D        | Found an ancient bone altar of Kikubaaqudgha.
    14 | D        | Found a bloodstained altar of Trog.
    15 | D        | Found Liec's Identification Station.
    16 | D        | Found Jiucrah's Advanced Armour.
    16 | D        | Found Dekodit's Jewellery.
    16 | D        | Found a blossoming altar of Fedhas.
    16 | D        | Found Dotenogh's Timeless Talismans.
    20 | D        | Found a hide-covered altar of Uskayaw.
    22 | D        | Found an opulent altar of Gozag.
    23 | D        | Found Xenwoupt's Magic Scroll Shop.
    24 | D        | Found a sacrificial altar of Ru.
    24 | D        | Found a corrupted altar of Lugonu.
    24 | D        | Found a burning altar of Makhleb.
    24 | D        | Found Qechoq's Staff Store.
    24 | D        | Found Qoexab's Magic Scroll Shop.
    24 | D        | Found Miackim's Must-Have Magic.
    30 | D        | Noticed a water moccasin
    31 | D        | Noticed a killer bee
    33 | D        | Found Hettuycse's Distillery.
    33 | D        | Found Lare's Bottled Wisdom.
    36 | D        | Killed a killer bee
    37 | D        | Reached skill level 5 in Dodging
    37 | D        | Reached skill level 1 in Conjurations
    37 | D        | Reached skill level 1 in Hexes
    37 | D        | Reached skill level 1 in Summonings
    37 | D        | Reached skill level 1 in Necromancy
    37 | D        | Reached skill level 1 in Translocations
    37 | D        | Reached skill level 1 in Transmutations
    37 | D        | Reached skill level 1 in Fire Magic
    37 | D        | Reached skill level 1 in Ice Magic
    37 | D        | Reached skill level 1 in Air Magic
    37 | D        | Reached skill level 1 in Earth Magic
    37 | D        | Reached skill level 1 in Poison Magic
    37 | D        | Reached XP level 2. HP: 19/24 MP: 1/5
    37 | D        | Reached XP level 3. HP: 24/29 MP: 1/6
    39 | D        | Killed a water moccasin
    40 | D        | Reached skill level 7 in Unarmed Combat
    40 | D        | Reached XP level 4. HP: 35/38 MP: 1/9
    40 | D        | Reached XP level 5. HP: 39/43 MP: 1/10
    44 | D        | Became a worshipper of Qazlal Stormbringer
    66 | D        | Reached skill level 5 in Fighting
    66 | D        | Reached XP level 6. HP: 37/51 MP: 4/12
    84 | D        | Reached * piety under Qazlal
    84 | D        | Arena points: 12 (+12) [x2]
    85 | D        | Reached skill level 8 in Unarmed Combat
    85 | D        | Reached skill level 5 in Invocations
   144 | D        | Round 2.
   170 | D        | Reached skill level 5 in Short Blades
   170 | D        | Reached skill level 5 in Long Blades
   170 | D        | Reached skill level 5 in Axes
   170 | D        | Reached skill level 5 in Maces & Flails
   170 | D        | Reached skill level 5 in Polearms
   170 | D        | Reached skill level 5 in Staves
   170 | D        | Reached skill level 5 in Ranged Weapons
   170 | D        | Reached skill level 5 in Throwing
   170 | D        | Reached skill level 5 in Armour
   170 | D        | Reached skill level 5 in Stealth
   170 | D        | Reached skill level 5 in Shields
   170 | D        | Reached skill level 5 in Spellcasting
   170 | D        | Reached skill level 5 in Evocations
   170 | D        | Reached XP level 7. HP: 23/57 MP: 14/14
   180 | D        | Reached ** piety under Qazlal
   255 | D        | Arena points: 54 (+42) [x3]
   316 | D        | Round 3.
   323 | D        | Reached *** piety under Qazlal
   324 | D        | Reached skill level 9 in Unarmed Combat
   324 | D        | Reached skill level 5 in Conjurations
   324 | D        | Reached skill level 5 in Hexes
   324 | D        | Reached skill level 5 in Summonings
   324 | D        | Reached skill level 5 in Necromancy
   324 | D        | Reached skill level 5 in Translocations
   324 | D        | Reached skill level 5 in Transmutations
   324 | D        | Reached skill level 5 in Fire Magic
   324 | D        | Reached skill level 5 in Ice Magic
   324 | D        | Reached skill level 5 in Air Magic
   324 | D        | Reached skill level 5 in Earth Magic
   324 | D        | Reached skill level 5 in Poison Magic
   360 | D        | Reached XP level 8. HP: 42/65 MP: 17/17
   379 | D        | Reached **** piety under Qazlal
   382 | D        | Arena points: 138 (+84) [x4]
   440 | D        | Round 4.
   440 | D        | Noticed a two-headed ogre
   444 | D        | Killed a two-headed ogre
   449 | D        | Bought a brightly glowing brass amulet for 45 gold pieces
   449 | D        | Identified the amulet of the Middle {Spirit Harm Regen+
                  | Str+3} (You bought it in a shop in the Dungeon)
   449 | D        | Bought an ancient golden ring for 45 gold pieces
   449 | D        | Identified the ring of Leqajuz {Dex+3 SInv} (You bought it
                  | in a shop in the Dungeon)
   449 | D        | Bought an ancient wooden ring for 45 gold pieces
   449 | D        | Identified the ring of Yesterday {Fly rN+++ Str-5 Int-4
                  | Dex+3} (You bought it in a shop in the Dungeon)
   449 | D        | Bought a heavily runed bone amulet for 45 gold pieces
   449 | D        | Identified the amulet of Knowledge {Reflect Harm rElec
                  | Int+2 Dex-2 SH+5} (You bought it in a shop in the Dungeon)
   449 | D        | Bought an ancient emerald amulet for 45 gold pieces
   449 | D        | Identified the amulet "Voyth" {Reflect Dex+3 SH+5 SInv}
                  | (You bought it in a shop in the Dungeon)
   485 | D        | Noticed an ogre mage
   491 | D        | Killed an ogre mage
   492 | D        | Reached skill level 10 in Unarmed Combat
   492 | D        | Reached XP level 9. HP: 51/74 MP: 12/20
   524 | D        | Noticed a two-headed ogre
   535 | D        | Noticed a two-headed ogre
   536 | D        | Killed a two-headed ogre
   537 | D        | Reached skill level 10 in Shapeshifting
   539 | D        | Noticed an ogre mage
   541 | D        | Killed a two-headed ogre
   542 | D        | Reached XP level 10. HP: 33/82 MP: 9/22
   543 | D        | Killed an ogre mage
   543 | D        | Arena points: 278 (+140) [x5]
   544 | D        | Reached skill level 10 in Dodging
   544 | D        | Reached skill level 11 in Unarmed Combat
   613 | D        | Round 5.
   638 | D        | Noticed a seven-headed hydra
   645 | D        | Slain by a seven-headed hydra

Illustrated notes

Levels and vault maps discovered:
D:        arena_sprint

Skill      XL: |  1  2  3  4  5  6  7  8  9 10 |
---------------+-------------------------------+-----
Fighting       | 3 4 5 6 8 9 |  9.2
Short Blades   | 2 3 4 5 6 7 8 |  8.8
Long Blades    | 2 3 4 5 6 7 8 |  8.8
Axes           | 2 3 4 5 6 7 8 |  8.8
Maces & Flails | 2 3 4 5 6 7 8 |  8.8
Polearms       | 2 3 4 5 6 7 8 |  8.8
Staves         | 2 3 4 5 6 7 8 |  8.8
Ranged Weapons | 2 3 4 5 6 7 8 |  8.8
Throwing       | 2 3 4 5 6 7 8 |  8.8
Armour         | 2 3 4 5 6 7 8 |  8.8
Dodging        | 5 6 7 9 10 | 10.0
Stealth        | 2 3 4 5 6 7 8 |  8.8
Shields        | 2 3 4 5 6 7 8 |  8.8
Spellcasting   | 2 3 4 5 6 7 8 |  8.8
Conjurations   | 1 2 3 4 5 6 7 |  7.3
Hexes          | 1 2 3 4 5 6 7 |  7.3
Summonings     | 1 2 3 4 5 6 7 |  7.3
Necromancy     | 1 2 3 4 5 6 7 |  7.3
Translocations | 1 2 3 4 5 6 7 |  7.3
Transmutations | 1 2 3 4 5 6 7 |  7.3
Fire Magic     | 1 2 3 4 5 6 7 |  7.3
Ice Magic      | 1 2 3 4 5 6 7 |  7.3
Air Magic      | 1 2 3 4 5 6 7 |  7.3
Earth Magic    | 1 2 3 4 5 6 7 |  7.3
Poison Magic   | 1 2 3 4 5 6 7 |  7.3
Invocations    | 2 3 4 5 6 8 9 |  9.6
Evocations     | 2 3 4 5 6 7 8 |  8.8
Unarmed Combat | 7 8 9 10 11 | 11.0
Shapeshifting  | 7 8 9 10 | 10.4

Action                     |  1- 3 |  4- 6 |  7- 9 | 10-12 || total
---------------------------+-------+-------+-------+-------++-------
  Melee: Unarmed           |       |    21 |    30 |       ||    51
         Bite              |       |     1 |     7 |     1 ||     9
         Flail             |       |       |    18 |     1 ||    19
         Punch             |       |       |     2 |       ||     2
 Invoke: Upheaval          |       |       |     8 |     6 ||    14
  Evoke: Wand              |     5 |     2 |       |       ||     7
    Use: Potion            |     1 |       |     1 |       ||     2
 Armour: Animal skin       |     2 |    11 |    18 |     5 ||    36
  Dodge: Dodged            |     5 |    10 |    22 |     1 ||    38
  Block: Other             |       |     1 |     4 |       ||     5

Table legend: (Time is in decaauts)
 A = Elapsed time spent in this place.
 B = Non-inter-level travel time spent in this place.
 C = Inter-level travel time spent in this place.
 D = Time resting spent in this place.
 E = Time spent auto-exploring this place.
 F = Levels seen in this place.
 G = Mean time per level.
                   A        B        C        D        E       F      G
               +--------+--------+--------+--------+--------+-----+--------+
         Total |    637 |    637 |      0 |    341 |      0 |   1 |  637.0 |
       Dungeon |    637 |    637 |      0 |    341 |      0 |   1 |  637.0 |
               +--------+--------+--------+--------+--------+-----+--------+

Top non-repeatable levels by time:
       D: 637 daAuts
